Gwen, chaotic female elven Ranger --------------------- |.`...........|.....----- |..>.---`.....|..`.`....| -----|<|...`.`|.`..`..`.| ----..|^|-.---.----.----.| |..^^.|^|....|..| |..`...| |.^|.`|^|.......---......| --^|.^`^|.....-..........| |^|....|.---...---.------ |.------............| |.......I......------ |..------------- ---- Gwen the Lookout Experience level: 5 Strength: 25 Dexterity: 11 Constitution: 10 Intelligence: 14 Wisdom: 14 Charisma: 8 Health: 0(32) Energy: 34(34) Def: 11 Gold: 221 Moves: 4469 Dungeon seed: 7mUyFvYO0UmS5Bcu Game ID: Gwen_1430774564 Your Inventory: Coins $ - 221 gold pieces Weapons a - a blessed +1 elven dagger b - a blessed +2 elven bow (alternate weapon; not wielded) c - 58 uncursed +2 elven arrows (in quiver) d - 36 uncursed +0 elven arrows D - an uncursed +1 two-handed sword (weapon in hands) P - 26 uncursed +0 arrows Armor e - an uncursed +2 elven cloak (being worn) q - an uncursed rusty +0 pair of gauntlets of power (being worn) r - an uncursed +0 splint mail (being worn) N - an uncursed +0 dwarvish iron helm (being worn) Comestibles f - 3 uncursed lembas wafers g - an uncursed fortune cookie h - an uncursed cream pie o - an uncursed food ration H - an uncursed sprig of wolfsbane J - an uncursed eucalyptus leaf Scrolls s - an uncursed scroll of blank paper Z - 2 uncursed scrolls of earth Potions E - 2 uncursed potions of oil Rings l - an uncursed ring of invisibility Wands i - an uncursed wand of create monster (0:12) j - an uncursed wand of digging (0:4) k - an uncursed wand of enlightenment (0:14) Tools y - an uncursed oil lamp (0:1029) I - an uncursed lock pick Gems z - an uncursed worthless piece of white glass Spells known in the end: Name Level Category Fail Memory a - force bolt 1 attack 100% 88% b - fireball 4 attack 100% 97% Your skills at the end: Fighting Skills Weapon Skills dagger [Basic] bow [Basic] Spellcasting Skills Final Attributes: You were piously aligned. You were sleep resistant. You had automatic searching. You had infravision. You were stealthy. You are dead. Vanquished creatures: 2 small mimics 3 Uruk-hai a shrieker a gnome lord a giant ant a floating eye a dwarf 3 hill orcs a giant bat a monkey 5 dwarf zombies 2 iguanas a killer bee an acid blob 3 coyotes a gas spore a hobbit a hobgoblin 4 giant rats a cave spider a yellow mold a gnome a gecko 11 jackals a fox a kobold 2 goblins 7 grid bugs 3 lichens 8 newts 71 creatures vanquished. Voluntary challenges: You had been an atheist until turn 1891. You used a wielded weapon 23 times, starting on turn 130. You read items or engraved 21 times, starting on turn 423. You never genocided any monsters. You never polymorphed an object. You never changed form. You used no wishes. You never split a pudding. You wrote Elbereth's name 1 time, starting on turn 423. You never violated your personal moral code. Dungeon overview: The Dungeons of Doom: levels 1 to 9 Level 1 a fountain a long staircase Level 2 (Locked door by down stair) Level 3 a general store a long staircase Level 4 a delicatessen, an altar to Venus Level 5 Level 6 Level 7 many fountains Level 8 a fountain stairs to Sokoban Level 9 a fountain Sokoban: levels 6 to 7 Level 6 <- You were here Level 7 stairs to The Dungeons of Doom History has recorded: On T:1 you entered the Dungeons of Doom to retrieve the Amulet of Yendor! On T:526 you reached level 2 of The Dungeons of Doom. On T:1015 you reached level 3 of The Dungeons of Doom. On T:1285 you advanced to experience level 2. On T:1391 you advanced to experience level 3. On T:1550 you advanced to experience level 4. On T:1854 you reached level 4 of The Dungeons of Doom. On T:2292 you reached level 5 of The Dungeons of Doom. On T:2612 you reached level 6 of The Dungeons of Doom. On T:2965 you reached level 7 of The Dungeons of Doom. On T:2992 you received advice from The Oracle. On T:3450 you reached level 8 of The Dungeons of Doom. On T:3509 you reached level 9 of The Dungeons of Doom. On T:3899 you reached level 4 of Sokoban. On T:4126 you advanced to experience level 5. On T:4186 you reached level 3 of Sokoban. Score breakdown: Gold: 221 ( 7981 points) Experience: 5 levels (11141 points) Exploration: 9 levels ( 19.57%) (12649 points) Discoveries: 17 items ( 5.84%) ( 7251 points) Valuables value: (no points given unless you survive) Artifact value: 0 ( 0 points) Variety of kills: 30 monsters ( 7.92%) ( 8440 points) Time penalty: 4469 turns (-1188 points) Survival: died (score multiplied by 80%) Total score: 37019 Latest messages: Sirius bites the hill orc. You faint from lack of food. It hits! (6x) You die... Final status: Goodbye Gwen the Ranger, killed by a hill orc, while fainted from lack of food... You died in Sokoban on dungeon level 6 with 37019 points, and 221 pieces of gold, after 4469 moves. You were level 5 with a maximum of 32 hit points when you died.